 Dungeon Sprint DCSS version 0.22.0-13-g43fe8f2 (webtiles) character file.

298 poirepourri the Bludgeoner (level 9, 0/68 HPs)
             Began as a Gargoyle Fighter on Aug 16, 2018.
             Was an Elder of Okawaru.
             Slain by a naga warlord
             ... wielding a +0 halberd
              (25 damage)
             ... in the Dungeon (Sprint VI: "Thunderdome").
             The game lasted 00:02:30 (529 turns).

poirepourri the Bludgeoner (Gargoyle Fighter)        Turns: 529, Time: 00:02:31

Health: 0/68       AC: 16    Str: 24    XL:     9   Next: 18%
Magic:  9/9        EV:  7    Int:  8    God:    Okawaru [****..]
Gold:   133        SH: 10    Dex: 15    Spells: 8/8 levels left

rFire    + . .     SeeInvis .   a - +0 flail
rCold    + . .     Gourm    .   c - +0 shield
rNeg     + . .     Faith    .   b - +0 scale mail
rPois    ∞         Spirit   .   d - +2 helmet "Xahoroem" {rC+}
rElec    +         Reflect  .   (no cloak)
rCorr    +         Harm     .   (no gloves)
MR       +....     NoTele   +   (no boots)
Stlth    ..........             p - amulet "Xeteci Hemi" {RegenMP rElec Str+4 Int-5}
HPRegen  0.21/turn              q - ring "Jiowniy" {rCorr rC+ MR+ Dex+5}
MPRegen  0.36/turn              r - ring "Bosoe" {Fire Int+4 Dex-2 Slay+3}

@: berserk cooldown, slowed, very slow
A: negative energy resistance 1, electricity resistance, unbreathing,
petrification resistance, rot immunity, AC +6
a: Heroism, Renounce Religion


You were in the Dungeon.
You worshipped Okawaru.
Okawaru was greatly pleased with you.
You were not hungry.

You visited 1 branch You collected 600 gold pieces.
You spent 467 gold pieces at shops.

Inventory:

Hand Weapons
 a - a +0 flail (weapon)
Armour
 b - a +0 scale mail (worn)
 c - a +0 shield (worn)
 d - the +2 helmet "Xahoroem" (worn) {rC+}
   (You bought it in a shop in the Dungeon)

   It protects you from cold.
Jewellery
 p - the amulet "Xeteci Hemi" (around neck) {RegenMP rElec Str+4 Int-5}
   (You bought it in a shop in the Dungeon)

   [amulet of magic regeneration]

   It increases your magic regeneration.
   It affects your strength (+4).
   It affects your intelligence (-5).
   It insulates you from electricity.
 q - the ring "Jiowniy" (left hand) {rCorr rC+ MR+ Dex+5}
   (You bought it in a shop in the Dungeon)

   [ring of resist corrosion]

   It affects your dexterity (+5).
   It protects you from cold.
   It affects your resistance to hostile enchantments.
 r - the ring "Bosoe" (right hand) {Fire Int+4 Dex-2 Slay+3}
   (You bought it in a shop in the Dungeon)

   [ring of fire]

   It enhances your fire magic.
   It affects your intelligence (+4).
   It affects your dexterity (-2).
   It affects your accuracy and damage with ranged weapons and melee attacks
   (+3).
   It protects you from fire.
   It makes you vulnerable to cold.
Wands
 m - a wand of acid (5)
 n - a wand of iceblast (1)
Scrolls
 k - 4 scrolls of blinking
 o - 3 scrolls of fog
Potions
 e - a potion of curing
 h - 4 potions of haste
 i - 2 potions of magic
 l - a potion of resistance
Comestibles
 f - a ration


   Skills:
 + Level 13.7 Fighting
 - Level 15.1 Maces & Flails
 - Level 3.2 Armour
 - Level 3.2 Shields


You had 8 spell levels left.
You didn't know any spells.
Your spell library was empty.

Dungeon Overview and Level Annotations

Branches:
Dungeon (1/1)

Altars:
Cheibriados
Dithmenos
Fedhas
Gozag
Kikubaaqudgha
Makhleb
Okawaru
Qazlal
Ru
Sif Muna
Trog
Uskayaw
Vehumet
Wu Jian
Xom
Yredelemnul
Zin
The Shining One
Beogh
Jiyva
Lugonu

Shops:
D *[%??*?*:[((!!!!


Innate Abilities, Weirdness & Mutations

You are resistant to torment.
Your stone body is resilient. (AC +6)
You are immune to poison.
You resist negative energy. (rN+)
You are resistant to electric shocks. (rElec)
You can survive without breathing.
You are immune to petrification.
You are immune to rotting.


Message History

You feel a strong urge to attack something.
There is a viscous altar of Jiyva here.
You feel your anger nearly subside.
There is a roughly hewn altar of Beogh here.
You are no longer berserk.
You are exhausted.
You feel yourself slow down.
There is an ornate altar of the Wu Jian Council here.
A naga warlord comes into view. It is wielding a halberd.
The naga warlord shouts!
The naga warlord spits poison at you. The splash of poison misses you.
You block the naga warlord's attack. The naga warlord spits poison at you.
The splash of poison hits you! You resist. The naga warlord closely misses you.
You block the naga warlord's attack.
The naga warlord hits you from afar with a halberd.
The naga warlord hits you from afar with a halberd!!
You die...

....(.....###.............##
.......###...###..........⌠#
.......# #.<.# #..........⌠#
...÷...###...###..).......⌠#
..........###.............##
.%...%..8.# #.8........∩###
∩___......###.N....___∩##
#####.8...)..(((8)######
#⌠..........@⌠#
###.........### #_......._#
#_......._# #_......._#
#∩.......∩# ##∩.....∩##
##.....## ##⌠⌠⌠##


You could see a naga warlord.

Vanquished Creatures
  Pikel (D)
  Joseph (D)
  A naga mage (D)
  A guardian serpent (D)
  A wyvern (D)
  A wraith (D)
  A necrophage (D)
  A wight (D)
  A hound (D)
  Ijyb (D)
  2 adder skeletons (D)
  2 leopard geckos (D)
  A goblin (D)
  2 hobgoblins (D)
  A quokka (D)
  5 kobolds (D)
  A quokka zombie (D)
24 creatures vanquished.

Vanquished Creatures (others)
  2 kobolds (D)
2 creatures vanquished.

Grand Total: 26 creatures vanquished

Notes
Turn   | Place    | Note
-------+----------+-------------------------------------------
     0 | D        | poirepourri the Gargoyle Fighter began the quest for the Orb.
     0 | D        | Reached XP level 1. HP: 14/14 MP: 1/1
     0 | D        | Found a radiant altar of Vehumet.
     5 | D        | Found a sacrificial altar of Ru.
     5 | D        | Found a hide-covered altar of Uskayaw.
     5 | D        | Round 1.
     6 | D        | Found a blossoming altar of Fedhas.
     6 | D        | Found a viscous altar of Jiyva.
     7 | D        | Found Zoph's Delicious Food.
     7 | D        | Found an ornate altar of the Wu Jian Council.
     7 | D        | Found a roughly hewn altar of Beogh.
     7 | D        | Found Jauqei's Identification Station.
     8 | D        | Found Xedut's Jewellery.
     8 | D        | Found Ogunu's Advanced Armour.
    16 | D        | Bought a steaming brass amulet for 45 gold pieces
    16 | D        | Bought a translucent silver ring for 45 gold pieces
    16 | D        | Bought a bound bone ring for 45 gold pieces
    18 | D        | Identified the ring "Jiowniy" {rCorr rC+ MR+ Dex+5} (You bought it in a shop in the Dungeon)
    19 | D        | Identified the ring "Bosoe" {Fire Int+4 Dex-2 Slay+3} (You bought it in a shop in the Dungeon)
    20 | D        | Identified the amulet "Xeteci Hemi" {RegenMP rElec Str+4 Int-5} (You bought it in a shop in the Dungeon)
    85 | D        | Noticed a necrophage
   101 | D        | Killed a necrophage
   101 | D        | Reached skill level 8 in Maces & Flails
   101 | D        | Reached XP level 2. HP: 2/19 MP: 2/2
   101 | D        | Reached XP level 3. HP: 3/23 MP: 3/3
   101 | D        | Reached XP level 4. HP: 4/28 MP: 4/4
   105 | D        | Found a burning altar of Makhleb.
   106 | D        | Found a basalt altar of Yredelemnul.
   107 | D        | Found a shimmering altar of Xom.
   108 | D        | Found Lurof's Premium Goods.
   109 | D        | Found Suivvahu's Miscellaneous Merchandise.
   109 | D        | Found Ifutepac's Basic Armour.
   110 | D        | Found a shadowy altar of Dithmenos.
   110 | D        | Found an ancient bone altar of Kikubaaqudgha.
   110 | D        | Found a corrupted altar of Lugonu.
   110 | D        | Found Ruicheleva's Weapon Rack.
   119 | D        | Reached skill level 9 in Maces & Flails
   119 | D        | Reached XP level 5. HP: 6/32 MP: 5/5
   123 | D        | Arena points: 12 (+12) [x2]
   123 | D        | Reached skill level 10 in Maces & Flails
   132 | D        | Found a bloodstained altar of Trog.
   140 | D        | Found an iron altar of Okawaru.
   141 | D        | Found an opulent altar of Gozag.
   141 | D        | Found Ajakucle's Do-It-Yourself Clinic.
   143 | D        | Found Kumyqer's Bottled Wisdom.
   143 | D        | Found Tikloz's Distillery.
   148 | D        | Found a glowing silver altar of Zin.
   148 | D        | Found a snail-covered altar of Cheibriados.
   148 | D        | Found Benatir's Distillery.
   156 | D        | Became a worshipper of Warmaster Okawaru
   182 | D        | Round 2.
   224 | D        | Found a stormy altar of Qazlal.
   225 | D        | Found a deep blue altar of Sif Muna.
   225 | D        | Noticed Ijyb
   229 | D        | Found a glowing golden altar of the Shining One.
   229 | D        | Found Zastrai's Staff Store.
   229 | D        | Found Lupeohegh's Must-Have Magic.
   234 | D        | Killed Ijyb
   242 | D        | Noticed Pikel
   253 | D        | Killed Pikel
   253 | D        | Reached * piety under Okawaru
   253 | D        | Reached ** piety under Okawaru
   253 | D        | Arena points: 54 (+42) [x3]
   253 | D        | Reached skill level 15 in Maces & Flails
   253 | D        | Reached XP level 6. HP: 10/37 MP: 6/6
   253 | D        | Reached XP level 7. HP: 11/41 MP: 7/7
   257 | D        | Found Hegel's Magic Scroll Shop.
   258 | D        | Found Umuga's Magic Scroll Shop.
   296 | D        | Round 3.
   310 | D        | Arena points: 138 (+84) [x4]
   381 | D        | Round 4.
   395 | D        | Noticed a wyvern
   397 | D        | Noticed a wraith
   404 | D        | Noticed Joseph
   408 | D        | Killed a wyvern
   417 | D        | Killed a wraith
   417 | D        | Reached XP level 8. HP: 46/55 MP: 8/8
   423 | D        | Killed Joseph
   423 | D        | Reached *** piety under Okawaru
   432 | D        | Arena points: 298 (+160) [x5]
   446 | D        | Bought a steaming helmet for 332 gold pieces
   451 | D        | Identified the +2 helmet "Xahoroem" {rC+} (You bought it in a shop in the Dungeon)
   489 | D        | Round 5.
   489 | D        | Noticed a guardian serpent
   490 | D        | Noticed a naga mage
   505 | D        | Killed a guardian serpent
   505 | D        | Reached **** piety under Okawaru
   511 | D        | Killed a naga mage
   511 | D        | Reached XP level 9. HP: 32/68 MP: 9/9
   522 | D        | Noticed a naga warlord
   529 | D        | Slain by a naga warlord

Skill      XL: |  1  2  3  4  5  6  7  8 |
---------------+-------------------------+-----
Maces & Flails | 8 9 15 | 15.1
Fighting       | 8 13 | 13.7
Armour         | |  3.2
Shields        | |  3.2

Action                   |  1- 3 |  4- 6 |  7- 9 || total
-------------------------+-------+-------+-------++-------
Melee: Flail             |    15 |    27 |    44 ||    86
Evoke: Wand              |       |       |     4 ||     4
  Use: Potion            |       |       |     6 ||     6
Armor: Scale mail        |     7 |    10 |    19 ||    36
Dodge: Dodged            |     2 |     3 |    13 ||    18
Block: Shield            |     6 |    11 |    31 ||    48
